PCL
CALGARY COWBOYS @ LAS VEGAS STARS
04/22/2023
 
TOP OF THE 1ST
Calgary Cowboys batting - Pitching for Las Vegas Stars : RHP Thorsten Massuthe
Pitching: RHP Thorsten Massuthe
Batting: RHB Clark Hodge 0-0: Called Strike
0-1: Called Strike
0-2: Ball
1-2: Foul Ball, location: 2F
1-2: Ball
2-2: Strikes out swinging
Batting: LHB Donald Schultz 0-0: Ball
1-0: Called Strike
1-1: Ground out 3-1 (Groundball, 34)
Batting: RHB Dan Wyatt 0-0: Ball
1-0: Ball
2-0: Ball
3-0: Called Strike
3-1: Called Strike
3-2: SINGLE (Line Drive, 34D)
Batting: RHB Cristián Peńa 0-0: Called Strike
0-1: Ball
1-1: Fly out, F7 (Flyball, 7S)
Top of the 1st over - 0 run(s), 1 hit(s), 0 error(s), 1 left on base; Calgary 0 - Las Vegas 0
BOTTOM OF THE 1ST
Las Vegas Stars batting - Pitching for Calgary Cowboys : RHP Lucas Taylor
Pitching: RHP Lucas Taylor
Batting: RHB Tae-kwon Kwon 0-0: TRIPLE (Line Drive, 78M)
Batting: RHB Brian George 0-0: Ground out 2-3 (Groundball, 2L)
Batting: LHB Ricardo Vargas 0-0: Ball
1-0: Swinging Strike
1-1: Swinging Strike
1-2: Foul Ball, location: 2F
1-2: Foul Ball, location: 2F
1-2: Ball
2-2: Foul Ball, location: 2F
2-2: Foul Ball, location: 2F
2-2: Ball
3-2: Ground out 6-3 (Groundball, 6)
Tae-kwon Kwon scores
Batting: LHB Eliot Helen 0-0: Ball
1-0: Ground out 1-3 (Groundball, 13)
Bottom of the 1st over - 1 run(s), 1 hit(s), 0 error(s), 0 left on base; Calgary 0 - Las Vegas 1
TOP OF THE 2ND
Calgary Cowboys batting - Pitching for Las Vegas Stars : RHP Thorsten Massuthe
Batting: LHB Al Ryan 0-0: Called Strike
0-1: Ball
1-1: SOLO HOME RUN (Line Drive, 8LXD), Distance : 430 ft
Batting: RHB Ramón Martínez 0-0: Ball
1-0: Ball
2-0: Called Strike
2-1: Ball
3-1: Called Strike
3-2: Base on Balls
Batting: RHB Jesús Hernández 0-0: Ball
1-0: Called Strike
1-1: SINGLE (Line Drive, 89S)
Ramón Martínez to second
Runner from 2nd tries for 3rd, SAFE, throw made to third
Batting: RHB Tom Yarbrough 0-0: SINGLE (Groundball, 6D)
Ramón Martínez scores
Jesús Hernández to second
Batting: RHB Júlio Soto 0-0: Ball
1-0: Foul Ball, location: 2F
1-1: Grounds into double play, 6-4-3 (Groundball, 6)
Jesús Hernández to third
Batting: RHB Clark Hodge 0-0: Foul Ball, location: 2F
0-1: Ball
1-1: Ball
Wild Pitch!
Jesús Hernández scores
2-1: Foul Ball, location: 2F
2-2: Foul Ball, location: 2F
2-2: Ball
3-2: Fly out, F5 (Popup, 56S)
Top of the 2nd over - 3 run(s), 3 hit(s), 0 error(s), 0 left on base; Calgary 3 - Las Vegas 1
BOTTOM OF THE 2ND
Las Vegas Stars batting - Pitching for Calgary Cowboys : RHP Lucas Taylor
Batting: RHB Vicente Salgado 0-0: Called Strike
0-1: Swinging Strike
0-2: Ball
1-2: Ball
2-2: SINGLE (Flyball, 9S)
Batting: RHB Bill McGrath 0-0: Ball
1-0: Fly out, F6 (Popup, 7LS)
Batting: RHB Jack Bailey 0-0: Foul Ball, location: 2F
0-1: Ball
1-1: Swinging Strike
1-2: Foul Ball, location: 2F
1-2: SINGLE (Groundball, 25) (infield hit)
Vicente Salgado to second
Batting: RHB Tom Jacobson 0-0: Ball
1-0: Called Strike
1-1: Foul Ball, location: 2F
1-2: Hit by Pitch
Vicente Salgado to third
Jack Bailey to second
Batting: LHB José Padilla 0-0: Foul Ball, location: 2F
0-1: Fly out, F4 (Line Drive, 4)
Batting: RHB Tae-kwon Kwon 0-0: Ball
1-0: Swinging Strike
1-1: Swinging Strike
1-2: Ball
2-2: Ball
3-2: Base on Balls
Vicente Salgado scores
Jack Bailey to third
Tom Jacobson to second
Batting: RHB Brian George 0-0: Ball
1-0: Swinging Strike
1-1: Foul Ball, location: 2F
1-2: Foul Ball, location: 2F
1-2: Strikes out swinging
Bottom of the 2nd over - 1 run(s), 2 hit(s), 0 error(s), 3 left on base; Calgary 3 - Las Vegas 2
TOP OF THE 3RD
Calgary Cowboys batting - Pitching for Las Vegas Stars : RHP Thorsten Massuthe
Batting: LHB Donald Schultz 0-0: Ball
1-0: Ball
2-0: Foul Ball, location: 2F
2-1: Ball
3-1: Swinging Strike
3-2: Foul Ball, location: 2F
3-2: Base on Balls
Batting: RHB Dan Wyatt 0-0: Ball
Donald Schultz is caught stealing 2nd base
1-0: Foul Ball, location: 2F
1-1: Ball
2-1: Ball
3-1: Fly out, F9 (Flyball, 9D)
Batting: RHB Cristián Peńa 0-0: Called Strike
0-1: Foul Ball, location: 2F
0-2: DOUBLE (Line Drive, 89XD)
Batting: LHB Al Ryan 0-0: Ball
1-0: 2-RUN HOME RUN (Flyball, 7D), Distance : 391 ft
Batting: RHB Ramón Martínez 0-0: SINGLE (Groundball, 4M)
Batting: RHB Jesús Hernández 0-0: Fielders Choice at 2nd, 5-4 (Groundball, 5)
Top of the 3rd over - 2 run(s), 3 hit(s), 0 error(s), 0 left on base; Calgary 5 - Las Vegas 2
BOTTOM OF THE 3RD
Las Vegas Stars batting - Pitching for Calgary Cowboys : RHP Lucas Taylor
Batting: LHB Ricardo Vargas 0-0: Called Strike
0-1: Called Strike
0-2: Ball
1-2: Ball
2-2: Strikes out looking
Batting: LHB Eliot Helen 0-0: Ground out 4-3 (Groundball, 4)
Batting: RHB Vicente Salgado 0-0: Ground out 6-3 (Groundball, 6S)
Bottom of the 3rd over - 0 run(s), 0 hit(s), 0 error(s), 0 left on base; Calgary 5 - Las Vegas 2
TOP OF THE 4TH
Calgary Cowboys batting - Pitching for Las Vegas Stars : RHP Thorsten Massuthe
Batting: RHB Tom Yarbrough 0-0: Ground out 5-3 (Groundball, 56)
Batting: RHB Júlio Soto 0-0: Ball
1-0: Ground out 5-3 (Groundball, 5)
Batting: RHB Clark Hodge 0-0: Ball
1-0: Foul Ball, location: 2F
1-1: Fly out, F3 (Popup, 3F)
Top of the 4th over - 0 run(s), 0 hit(s), 0 error(s), 0 left on base; Calgary 5 - Las Vegas 2
BOTTOM OF THE 4TH
Las Vegas Stars batting - Pitching for Calgary Cowboys : RHP Lucas Taylor
Batting: RHB Bill McGrath 0-0: Ground out 2-3 (Groundball, 15S)
Batting: RHB Jack Bailey 0-0: Ball
1-0: Called Strike
1-1: Called Strike
1-2: SINGLE (Line Drive, 4MD)
Batting: RHB Tom Jacobson 0-0: Called Strike
0-1: Ball
1-1: Called Strike
1-2: Ball
2-2: Ball
Jack Bailey steals 2nd base
3-2: SINGLE (Flyball, 7S)
Jack Bailey to third
Runner from 3rd tries for Home, SAFE, no throw or cutoff
Batting: LHB José Padilla 0-0: Called Strike
0-1: Called Strike
0-2: Ball
1-2: Ball
Wild Pitch!
Tom Jacobson to second
2-2: Ball
3-2: Ground out U3 (Groundball, 3S)
Tom Jacobson to third
Batting: RHB Tae-kwon Kwon 0-0: Ball
1-0: SINGLE (Groundball, 6MD)
Tom Jacobson scores
Batting: RHB Brian George 0-0: Called Strike
0-1: Ball
1-1: Swinging Strike
1-2: Fly out, F8 (Flyball, 8LM)
Bottom of the 4th over - 2 run(s), 3 hit(s), 0 error(s), 1 left on base; Calgary 5 - Las Vegas 4
TOP OF THE 5TH
Calgary Cowboys batting - Pitching for Las Vegas Stars : RHP Thorsten Massuthe
Batting: LHB Donald Schultz 0-0: Called Strike
0-1: Ball
1-1: Fly out, F8 (Flyball, 8RM)
Batting: RHB Dan Wyatt 0-0: Ball
1-0: Called Strike
1-1: Fly out, F8 (Flyball, 8RM)
Batting: RHB Cristián Peńa 0-0: Called Strike
0-1: Ball
1-1: Ball
2-1: Foul Ball, location: 2F
2-2: Ball
3-2: Fly out, F6 (Line Drive, 6M)
Top of the 5th over - 0 run(s), 0 hit(s), 0 error(s), 0 left on base; Calgary 5 - Las Vegas 4
BOTTOM OF THE 5TH
Las Vegas Stars batting - Pitching for Calgary Cowboys : RHP Lucas Taylor
Batting: LHB Ricardo Vargas 0-0: Ground out U3 (Groundball, 3S)
Batting: LHB Eliot Helen 0-0: Called Strike
0-1: Ball
1-1: Swinging Strike
1-2: Ball
2-2: Ball
3-2: Foul Ball, location: 2F
3-2: Foul Ball, location: 2F
3-2: Base on Balls
Batting: RHB Vicente Salgado 0-0: Called Strike
0-1: Ball
1-1: Swinging Strike
1-2: Ball
2-2: Strikes out swinging
Batting: RHB Bill McGrath 0-0: Ball
1-0: Foul Ball, location: 2F
1-1: Ball
2-1: Fly out, F9 (Flyball, 89M)
Bottom of the 5th over - 0 run(s), 0 hit(s), 0 error(s), 1 left on base; Calgary 5 - Las Vegas 4
TOP OF THE 6TH
Calgary Cowboys batting - Pitching for Las Vegas Stars : RHP Thorsten Massuthe
Batting: LHB Al Ryan 0-0: Called Strike
0-1: Ball
1-1: Ball
2-1: Ball
3-1: Base on Balls
Pitching: RHP Wayne Barksdale
Batting: RHB Ramón Martínez 0-0: Ball
1-0: Ball
2-0: Ground out 5-3 (Groundball, 56)
Al Ryan to second
Batting: RHB Jesús Hernández 0-0: Swinging Strike
0-1: Foul Ball, location: 2F
0-2: Ball
1-2: Ball
2-2: Foul Ball, location: 2F
2-2: Foul Ball, location: 2F
2-2: Foul Ball, location: 2F
2-2: Ball
3-2: DOUBLE (Flyball, 9LS)
Al Ryan scores
Batting: RHB Tom Yarbrough 0-0: Intentional Walk
Batting: RHB Júlio Soto 0-0: Ball
1-0: Ball
2-0: Foul Ball, location: 2F
2-1: Foul Ball, location: 2F
2-2: Foul Ball, location: 2F
2-2: Strikes out swinging
Batting: RHB Clark Hodge 0-0: Called Strike
0-1: Ball
1-1: SINGLE (Flyball, 4D)
Jesús Hernández to third
Tom Yarbrough to second
Runner from 3rd tries for Home, SAFE, no throw or cutoff
Batting: LHB Donald Schultz 0-0: Foul Ball, location: 2F
0-1: Ball
1-1: Swinging Strike
1-2: Foul Ball, location: 2F
1-2: Foul Ball, location: 2F
1-2: Strikes out swinging
Top of the 6th over - 2 run(s), 2 hit(s), 0 error(s), 2 left on base; Calgary 7 - Las Vegas 4
BOTTOM OF THE 6TH
Las Vegas Stars batting - Pitching for Calgary Cowboys : RHP Lucas Taylor
Batting: RHB Jack Bailey 0-0: Ground out 6-3 (Groundball, 6M)
Batting: RHB Tom Jacobson 0-0: Ball
1-0: Foul Ball, location: 2F
1-1: Foul Ball, location: 2F
1-2: Fly out, F7 (Flyball, 7M)
Batting: LHB José Padilla 0-0: Called Strike
0-1: Ball
1-1: Ball
2-1: Ground out 6-3 (Groundball, 6)
Bottom of the 6th over - 0 run(s), 0 hit(s), 0 error(s), 0 left on base; Calgary 7 - Las Vegas 4
TOP OF THE 7TH
Calgary Cowboys batting - Pitching for Las Vegas Stars : RHP Wayne Barksdale
Batting: RHB Dan Wyatt 0-0: Ball
1-0: Ball
2-0: Foul Ball, location: 2F
2-1: Swinging Strike
2-2: Ball
3-2: Strikes out looking
Pitching: RHP Bryan Avery
Batting: RHB Cristián Peńa 0-0: Foul Ball, location: 2F
0-1: Swinging Strike
0-2: Ball
1-2: Foul Ball, location: 2F
1-2: Ground out 1-3 (Groundball, 13S)
Batting: LHB Al Ryan 0-0: Called Strike
0-1: Ball
1-1: Ball
2-1: Ball
3-1: Foul Ball, location: 2F
3-2: Base on Balls
Batting: RHB Ramón Martínez 0-0: Ball
1-0: Swinging Strike
1-1: Fly out, F6 (Popup, 56D)
Top of the 7th over - 0 run(s), 0 hit(s), 0 error(s), 1 left on base; Calgary 7 - Las Vegas 4
BOTTOM OF THE 7TH
Las Vegas Stars batting - Pitching for Calgary Cowboys : RHP Lucas Taylor
Pitching: RHP Mitsunari Jouda
Batting: RHB Tae-kwon Kwon 0-0: Ball
1-0: Called Strike
1-1: Ground out 6-3 (Groundball, 6)
Batting: RHB Brian George 0-0: Called Strike
0-1: Ball
1-1: Ball
2-1: Called Strike
2-2: Ground out 1-3 (Groundball, 15)
Batting: LHB Ricardo Vargas 0-0: Ball
1-0: Ball
2-0: Ground out 1-3 (Groundball, 15)
Bottom of the 7th over - 0 run(s), 0 hit(s), 0 error(s), 0 left on base; Calgary 7 - Las Vegas 4
TOP OF THE 8TH
Calgary Cowboys batting - Pitching for Las Vegas Stars : RHP Bryan Avery
Batting: RHB Jesús Hernández 0-0: Reached on error, E5 (Groundball, 56)
Batting: RHB Tom Yarbrough 0-0: Intentional Walk
Batting: RHB Júlio Soto 0-0: Called Strike
0-1: Ball
1-1: Ball
2-1: Ball
3-1: Base on Balls
Jesús Hernández to third
Tom Yarbrough to second
Batting: RHB Clark Hodge 0-0: Ball
1-0: Called Strike
1-1: Fly out, F5 (Line Drive, 5)
1-1: Fly out, F5 (Line Drive, 5)
Batting: LHB Donald Schultz 0-0: SINGLE (Line Drive, 34)
Jesús Hernández scores
Tom Yarbrough to third
Júlio Soto to second
Runner from 3rd tries for Home, SAFE, throw made at trailing runner, SAFE at third!
Batting: RHB Dan Wyatt 0-0: Called Strike
0-1: Ball
1-1: Ball
2-1: Fielders Choice at 2nd, 6-4 (Groundball, 6M)
Júlio Soto scores
Batting: RHB Cristián Peńa 0-0: Ball
1-0: Called Strike
1-1: Swinging Strike
1-2: Fielders Choice at 2nd, U4 (Groundball, 4M)
Top of the 8th over - 3 run(s), 1 hit(s), 1 error(s), 1 left on base; Calgary 10 - Las Vegas 4
BOTTOM OF THE 8TH
Las Vegas Stars batting - Pitching for Calgary Cowboys : RHP Mitsunari Jouda
Batting: LHB Eliot Helen 0-0: Fly out, F9 (Flyball, 89M)
Batting: RHB Vicente Salgado 0-0: Foul Ball, location: 2F
0-1: Ball
1-1: Foul Ball, location: 2F
1-2: Ball
2-2: Ball
3-2: Strikes out looking
Batting: RHB Bill McGrath 0-0: Called Strike
0-1: Ball
1-1: Foul Ball, location: 2F
1-2: Ground out 6-3 (Groundball, 6)
Bottom of the 8th over - 0 run(s), 0 hit(s), 0 error(s), 0 left on base; Calgary 10 - Las Vegas 4
TOP OF THE 9TH
Calgary Cowboys batting - Pitching for Las Vegas Stars : RHP Bryan Avery
Batting: LHB Al Ryan 0-0: Ball
1-0: Swinging Strike
1-1: Foul Ball, location: 2F
1-2: Ball
2-2: Ball
3-2: Base on Balls
Batting: RHB Ramón Martínez 0-0: Ball
1-0: Sac Bunt - play at second, runner safe!
Batting: RHB Jesús Hernández 0-0: Bunted foul
0-1: Ball
1-1: Bunted foul
1-2: Fly out, F3 (Popup, 23F)
Batting: RHB Tom Yarbrough 0-0: Ball
1-0: Called Strike
1-1: Foul Ball, location: 2F
1-2: Foul Ball, location: 2F
1-2: Foul Ball, location: 2F
1-2: Fly out, F2 (Popup, 2RF)
Batting: RHB Júlio Soto 0-0: Ball
1-0: Ball
2-0: Swinging Strike
2-1: Foul Ball, location: 2F
2-2: SINGLE (Groundball, 6MD)
Al Ryan to third
Ramón Martínez to second
Runner from 3rd tries for Home, SAFE, no throw or cutoff
Batting: RHB Clark Hodge 0-0: Ball
1-0: Called Strike
1-1: Reached on error, E5 (Groundball, 5L)
Ramón Martínez to third
Júlio Soto to second
Batting: LHB Donald Schultz 0-0: Ball
1-0: Fly out, F4 (Popup, 9S)
Top of the 9th over - 1 run(s), 1 hit(s), 1 error(s), 3 left on base; Calgary 11 - Las Vegas 4
BOTTOM OF THE 9TH
Las Vegas Stars batting - Pitching for Calgary Cowboys : RHP Mitsunari Jouda
Batting: RHB Jack Bailey 0-0: Ground out 5-3 (Groundball, 56)
Batting: RHB Tom Jacobson 0-0: Swinging Strike
0-1: Swinging Strike
0-2: Ball
1-2: Foul Ball, location: 2F
1-2: Ball
2-2: Ball
3-2: Base on Balls
Batting: LHB José Padilla 0-0: Called Strike
0-1: Ball
1-1: Fly out, F5 (Popup, 5F)
Batting: RHB Tae-kwon Kwon 0-0: Fly out, F8 (Flyball, 8RM)
Bottom of the 9th over - 0 run(s), 0 hit(s), 0 error(s), 1 left on base; Calgary 11 - Las Vegas 4
This league is powered by Out of the Park Baseball, the baseball management simulation game for PC, Mac and Linux
Wednesday, December 2nd, 2015 - OOTP Baseball 16.8 Build 38